 Dungeon Crawl Stone Soup version 0.30-a0-1160-g6e42c06551 (webtiles) character file.

Game seed: 15712329225905625315

95594 RepoMan the Severer (level 15, -12/122 HPs)
             Began as a Mummy Cinder Acolyte on Apr 24, 2023.
             Was an Initiate of Ignis.
             Mangled by a pharaoh ant (25 damage)
             ... on level 2 of the Spider Nest on Apr 26, 2023.
             The game lasted 03:30:33 (23927 turns).

RepoMan the Severer (Mummy Cinder Acolyte)         Turns: 23927, Time: 03:30:33

Health: -12/122    AC: 12    Str: 29    XL:     15   Next: 66%
Magic:  0/19       EV: 16    Int: 14    God:    Ignis [......]
Gold:   107        SH:  5    Dex: 12    Spells: 18/20 levels left

rFire   . . .        w - +5 broad axe (elec)
rCold   + . .        n - +0 buckler
rNeg    + + +        z - +2 plate armour {Will+}
rPois   ∞            r - +1 helmet
rElec   .            t - +0 cloak
rCorr   .            M - +2 pair of gloves {Dex+3}
SInv    .            g - +0 pair of boots
Will    ++...        F - amulet "Teantuy" {Spirit rN+ Regen+} Stlth
                     O - +7 ring of evasion
HPRegen 1.20/turn    y - +6 ring of strength
MPRegen 0.16/turn

%: guardian spirit, faith
@: corroded, rising, flying, studying Polearms
A: cold resistance 1, negative energy resistance 3, torment resistance 2, heat
vulnerability 1, in touch with death 2, no potions, faith
a: Renounce Religion


You were on level 2 of the Spider Nest.
You worshipped Ignis.
Ignis was noncommittal.
You visited 4 branches of the dungeon, and saw 24 of its levels.
You also visited: Gauntlet.

You collected 2273 gold pieces.
You spent 2166 gold pieces at shops.

Inventory:

Hand Weapons
 f - a +0 war axe of flaming
 v - a +1 vampiric hand axe
 w - a +5 broad axe of electrocution (weapon)
Missiles
 o - 33 poisoned darts
 p - a curare-tipped dart
 A - 3 silver javelins
 H - 5 javelins
Armour
 e - a +0 hat of see invisible
 g - a +0 pair of boots (worn)
 i - the +2 robe "Deich" {rN+ Will- rCorr Slay+3}
   (You found it on level 2 of the Dungeon)

   Slay:      It affects your accuracy & damage with ranged weapons and melee
   (+3).
   rN:        It protects you from negative energy.
   rCorr:     It protects you from acid and corrosion.
   Will:      It decreases your willpower.
 n - a +0 buckler (worn)
 r - a +1 helmet (worn)
 t - a +0 cloak (worn)
 z - a +2 plate armour of willpower (worn)
 D - a scarf of invisibility
 K - the +1 leather armour of Coavaph {rElec rC+}
   (You found it in a Gauntlet)

   rC:        It protects you from cold.
   rElec:     It insulates you from electricity.
 M - a +2 pair of gloves of dexterity (worn)
Jewellery
 l - a ring of resist corrosion
 m - the ring "Ihu Legi" {Fly Int+3}
   (You bought it in a shop on level 14 of the Dungeon)

   [ring of flight]

   Int:       It affects your intelligence (+3).
   Fly:       It grants you flight.
 y - a +6 ring of strength (right hand)
 E - a ring of see invisible
 F - the amulet "Teantuy" (around neck) {Spirit rN+ Regen+}
   (You acquired it on level 4 of the Lair of Beasts)

   [amulet of guardian spirit]

   It causes incoming damage to be divided between your reserves of health and
   magic.
   rN:        It protects you from negative energy.
   Regen:     It increases your rate of health regeneration.
 O - a +7 ring of evasion (left hand)
Wands
 b - a wand of mindburst (6)
 h - a wand of roots (1)
 q - a wand of flame (27)
 u - a wand of polymorph (7)
 I - a wand of light (5)
Scrolls
 a - a scroll of brand weapon
 c - a scroll of vulnerability
 j - 2 scrolls of enchant armour
 s - a scroll of fear
 x - 2 scrolls of amnesia
 B - 2 scrolls of magic mapping
 G - 2 scrolls of teleportation
 J - a scroll of silence
 N - a scroll of immolation
Miscellaneous
 k - a lightning rod (4/4)
 C - a box of beasts


   Skills:
 * Level 12.9 Fighting
 + Level 17.3 Axes
 + Level 9.1 Armour
 - Level 3.3 Dodging
 + Level 7.4 Shields
 - Level 3.3 Spellcasting
 - Level 5.5 Fire Magic


You had 18 spell levels left.
You knew the following spells:

 Your Spells              Type           Power      Damage    Failure   Level
r - Scorch                Fire           34%        2d6       30%         2

Your spell library contained the following spells:

 Spells                   Type           Power      Damage    Failure   Level
 Volatile Blastmotes      Fire/Tloc      20%        2d11      88%         3
 Slow                     Hex            8%         N/A       89%         1
 Cigotuvi's Dreadful Rot  Necr/Pois/Air  10%        N/A       96%         2
 Static Discharge         Conj/Air       4%         2-3/arc   96%         2
 Confusing Touch          Hex            2%         N/A       99%         3
 Hailstorm                Conj/Ice       2%         3d3       99%         3
 Portal Projectile        Hex/Tloc       4%         N/A       99%         3
 Teleport Other           Tloc           2%         N/A       99%         3
 Vampiric Draining        Necr           5%         2d6       99%         3
 Vhi's Electric Charge    Tloc/Air       4%         N/A       99%         3
 Airstrike                Air            1%         2d(1-17)  100%        4
 Anguish                  Hex/Necr       2%         N/A       100%        4
 Animate Dead             Necr           5%         N/A       100%        4
 Dispel Undead            Necr           5%         3d7       100%        4
 Fulminant Prism          Conj/Hex       1%         3d5       100%        4
 Iskenderun's Mystic Bla  Conj/Tloc      2%         2d3       100%        4
 Leda's Liquefaction      Hex/Erth       1%         N/A       100%        4
 Manifold Assault         Tloc           2%         N/A       100%        4
 Summon Lightning Spire   Summ/Air       2%         N/A       100%        4
 Lee's Rapid Deconstruct  Erth           1%         3d4*      100%        5
 Death Channel            Necr           2%         N/A       100%        6
 Simulacrum               Ice/Necr       2%         N/A       100%        6
 Haunt                    Necr/Summ      2%         N/A       100%        7
 Infestation              Necr           2%         N/A       100%        8
 Ice Form                 Ice/Tmut       Unusable   N/A       N/A         4
 Statue Form              Tmut/Erth      Unusable   N/A       N/A         6
 Necromutation            Tmut/Necr      Unusable   N/A       N/A         8

Dungeon Overview and Level Annotations

Branches:
Dungeon (15/15) Temple (0/1) D:7 Lair (5/5) D:11 Shoals (0/4) Lair:3 Spider (2/4) Lair:3 Slime (0/5) Lair:4 Orc (2/2) D:9 Elf (0/3) Orc:1 Orc:2 Vaults (0/5) D:13 Depths (0/4) D:15 Gauntlet (visited)

Altars:
Ashenzari
Dithmenos
Fedhas
Hepliaklqana
Kikubaaqudgha
Qazlal
Sif Muna
Trog
Uskayaw
Vehumet
Wu Jian
Xom

Shops:
D:3 (   D:14 =   Orc:1 (([   Orc:2 ?:(*((:

Annotations:
Lair:1 3 runed translucent doors, Buakkigh's ghost, journeyman TrFi
Lair:4 1 runed translucent door, Rupert


Innate Abilities, Weirdness & Mutations

You are immune to poison.
Your flesh is cold resistant. (rC+)
You are immune to negative energy. (rN+++)
You are immune to unholy pain and torment.
You are vulnerable to heat. (rF-)
You are strongly in touch with the powers of death.
You do not drink.
You have a special connection with the divine. (Faith)


Message History

Aiming: Dig
Press: ? - help, Shift-Dir - straight line You can't see that place. [a rock wall.]
The rock shatters into small pieces.
The now-empty wand crumbles to dust.
You block the redback's attack.
You hear a faint skittering sound.
An orb spider comes into view.
The culicivora attacks as you move away!
The culicivora closely misses you.
You hear a faint skittering sound.
The orb spider begins to weave its threads into a brightly glowing ball.
The culicivora rages.
The entropy weaver gestures at you while chanting.
The entropic weave corrodes you! The wolf spider hits you!
The wolf spider barely misses you.
The culicivora attacks as you move away!
The culicivora completely misses you. The culicivora bites you!
A pharaoh ant comes into view.
The entropy weaver points at you and mumbles some strange words.
The entropic weave corrodes you! The culicivora bites you.
Okay, then.
Unknown command.
You begin to rise into the air.
The culicivora's soul is no longer bound.
The culicivora bites you!! The culicivora bites you!
* * * LOW HITPOINT WARNING * * *
The culicivora bites you but does no damage.
The wolf spider misses you. You block the wolf spider's attack.
The culicivora completely misses you. The pharaoh ant bites you!!
* * * LOW HITPOINT WARNING * * *
Okay, then.
Okay, then.
The sentinel's mark upon you fades away.
The culicivora misses you. You block the culicivora's attack.
A jumping spider comes into view.
The culicivora completely misses you.
The orb spider weaves a glowing orb of energy.
The pharaoh ant bites you!!
You die...

### ## #.# ### .### ##.#
#####.####### #^.###.##
##...........# .##.^..#
###..............
..###..####..####......##..
.............^s...........#
..###..........*.#........#
.###..........ws@B#.....##.
.# #...........ss#<....##
.# ##........sss##.###.#
.## #........B..#### .#
..####.......#s## #
.>..###.#####.##
......sss...ys#
.....y########......
...#..# #.#.^.


You could see an entropy weaver, a steelbarb worm (berserk, soul bound), 2 wolf
spiders, a moth of wrath (soul bound), an orb spider, 4 culicivoras, a pharaoh
ant, a jumping spider and a redback (soul bound).

Vanquished Creatures
  Jorgrun (D:13)
  Gastronok (Lair:3)
  A caustic shrike zombie (D:15)
  A minotaur (Gauntlet)
  Fannar (D:12)
  A hydra (Lair:5)
  A rakshasa (D:15)
  2 ogre magi (Orc:2)
  A centaur warrior (D:14)
  A deep troll shaman (Lair:5)
  4 catoblepae
  10 two-headed ogres
  5 death yaks (Lair:5)
  4 boulder beetles
  A death scarab (Gauntlet)
  A vampire mage (D:15)
  An orc high priest (Orc:1)
  An iron troll (Orc:2)
  A deep troll (Orc:1)
  A pharaoh ant (Spider:2)
  9 skeletal warriors
  2 wolf spider zombies (Spider:1)
  3 orc knights
  3 necromancers
  4 ugly things
  An oklob plant (Lair:1)
  3 deep elf pyromancers
  5 orc sorcerers
  5 cyclopes
  A frost giant zombie (D:15)
  6 manticores
  10 elephants
  An ice statue (Lair:2)
  A frost giant skeleton (D:15)
  An eye of devastation (Lair:3)
  Maggie (D:7)
  2 rime drakes
  7 cane toads
  2 efreet
  9 komodo dragons
  10 redback zombies (Spider:1)
  A spriggan zombie (D:15)
  A guardian mummy (D:15)
  A tengu conjurer (D:13)
  An ice devil (Lair:2)
  18 trolls
  A meliai (D:14)
  A hornet (D:10)
  5 polar bears
  7 dream sheep (Lair:5)
  A wolf spider simulacrum (D:15)
  A tarantella (shapeshifter) (D:15)
  14 blink frogs
  4 culicivora zombies (Spider:1)
  8 tarantella zombies (Spider:1)
  3 jumping spiders (Lair:3)
  2 shadows
  12 slime creatures
  A vampire (D:11)
  49 yaks
  5 wyverns
  A spectral komodo dragon (Gauntlet)
  6 basilisks
  A steam dragon (D:8)
  2 redbacks
  6 vampire mosquitoes
  6 wargs
  An acid dragon (D:8)
  7 water moccasins
  Duvessa (D:7)
  2 sky beasts (D:7)
  18 orc warriors
  5 black bears
  5 ice beasts
  23 ogres
  13 boggarts
  10 wolves (Lair:5)
  3 centaurs
  2 phantoms (D:5)
  6 small abominations (Gauntlet)
  5 kobold brigands
  8 bullfrogs
  3 scorpions (D:5)
  6 gnoll sergeants
  4 wights (D:6)
  Dowan (D:7)
  12 killer bees
  An electric eel (D:11)
  6 howler monkeys
  7 hounds
  10 orc priests
  4 jellies
  2 sleepcaps
  3 gnoll boudas
  5 iguanas
  25 orc wizards
  6 hell rats (Lair:3)
  23 gnolls
  12 adders
  2 shadow imps
  3 white imps
  An ufetubus (D:6)
  A worm (D:2)
  A dart slug (D:3)
  64 orcs
  7 endoplasms
  4 giant cockroaches
  7 goblins
  7 hobgoblins
  2 jackals (D:3)
  2 quokkas (D:1)
  9 ball pythons
  4 bats
  6 frilled lizards
  10 kobolds
  2 rats
655 creatures vanquished.

Vanquished Creatures (collateral kills)
  A two-headed ogre (Orc:1)
  An elephant (Lair:5)
  A cane toad (Lair:3)
  A wyvern (Lair:3)
  A bullfrog (Lair:3)
  2 killer bees (D:9)
  A hell rat (Lair:3)
8 creatures vanquished.

Vanquished Creatures (others)
  An elephant (Lair:5)
  2 orc warriors (D:9)
  A human (D:3)
  A kobold brigand (D:9)
  2 orc priests
  A bush (Lair:5)
  23 foxfires
  30 fungi
  48 plants
  13 withered plants (D:15)
122 creatures vanquished.

Grand Total: 785 creatures vanquished

Notes
Turn   | Place    | Note
-------+----------+-------------------------------------------
     0 | D:1      | RepoMan the Mummy Cinder Acolyte began the quest for the
                  | Orb.
     0 | D:1      | Reached XP level 1. HP: 18/18 MP: 2/2
   210 | D:1      | You fall into a shaft and drop 1 floor!
   295 | D:1      | Reached XP level 2. HP: 23/24 MP: 4/4
   300 | D:1      | Reached skill level 3 in Axes
   303 | D:1      | Learned a level 2 spell: Scorch
  1000 | D:2      | Gained mutation: You are in touch with the powers of death.
                  | [Mummy growth]
  1000 | D:2      | Reached XP level 3. HP: 17/29 MP: 1/5
  1457 | D:2      | Reached XP level 4. HP: 35/35 MP: 4/7
  1506 | D:2      | Identified the +2 robe "Deich" {rN+ Will- rCorr Slay+3}
  1658 | D:3      | Found an ancient bone altar of Kikubaaqudgha.
  1658 | D:3      | Noticed a human
  1662 | D:3      | Killed a human
  1786 | D:3      | Reached skill level 4 in Axes
  1786 | D:3      | Reached XP level 5. HP: 5/41 MP: 1/8
  2289 | D:3      | Found Iriann's Weapon Boutique.
  2350 | D:3      | Found a faded altar of an unknown god.
  2714 | D:4      | Found a radiant altar of Vehumet.
  2716 | D:4      | Reached XP level 6. HP: 47/47 MP: 6/9
  2768 | D:4      | Reached skill level 5 in Axes
  3086 | D:5      | Entered Level 5 of the Dungeon
  3192 | D:5      | Noticed a yak
  3237 | D:5      | Reached XP level 7. HP: 48/52 MP: 1/10
  3244 | D:5      | Killed a yak
  3245 | D:5      | Reached skill level 6 in Axes
  3253 | D:5      | Noticed a troll
  3435 | D:5      | Found a hazy altar of Hepliaklqana.
  3630 | D:5      | Reached XP level 8. HP: 52/60 MP: 1/11
  3657 | D:5      | Found a blossoming altar of Fedhas.
  3725 | D:5      | Upgraded the game from 0.30-a0-1155-gf8af5b4991 to
                  | 0.30-a0-1160-g6e42c06551
  3772 | D:5      | Reached skill level 7 in Axes
  4151 | D:6      | Reached skill level 8 in Axes
  4957 | D:6      | Reached skill level 9 in Axes
  4976 | D:6      | Reached XP level 9. HP: 56/66 MP: 4/12
  5343 | D:7      | Noticed Maggie
  5358 | D:7      | Killed Maggie
  5359 | D:7      | Reached skill level 5 in Fighting
  5549 | D:7      | Found a staircase to the Ecumenical Temple.
  5552 | D:7      | Noticed Duvessa
  5552 | D:7      | Noticed Dowan
  5569 | D:7      | Killed Duvessa
  5583 | D:7      | Killed Dowan
  5720 | D:7      | Found an ornate altar of the Wu Jian Council.
  5868 | D:7      | Reached skill level 10 in Axes
  6650 | D:8      | Found a shimmering altar of Xom.
  6812 | D:8      | Reached XP level 10. HP: 60/77 MP: 8/13
  7435 | D:8      | Found a stormy altar of Qazlal.
  7588 | D:9      | Reached skill level 11 in Axes
  7843 | D:9      | Found a staircase to the Orcish Mines.
  8651 | D:10     | Entered Level 10 of the Dungeon
  8859 | D:10     | Found a hide-covered altar of Uskayaw.
  8906 | D:10     | Found a bloodstained altar of Trog.
  9269 | D:5      | Reached skill level 12 in Axes
  9477 | D:5      | Reached skill level 1 in Shields
  9733 | D:10     | Noticed a two-headed ogre
  9751 | D:10     | Killed a two-headed ogre
  9752 | D:10     | Reached XP level 11. HP: 87/87 MP: 5/14
 10032 | D:10     | Found a shadowy altar of Dithmenos.
 10530 | D:11     | Reached skill level 1 in Armour
 10530 | D:11     | Reached skill level 1 in Dodging
 10566 | D:11     | Found a staircase to the Lair.
 10798 | Lair:1   | Entered Level 1 of the Lair of Beasts
 10878 | Lair:1   | Noticed Buakkigh's ghost (journeyman TrFi)
 10879 | Lair:1   | Noticed a minotaur
 10887 | Lair:1   | Noticed a death yak
 11224 | Lair:1   | Found a runed translucent gate.
 11224 | Lair:1   | Found a runed translucent gate.
 11224 | Lair:1   | Found a runed translucent gate.
 11247 | Lair:1   | Noticed an oklob plant
 11282 | Lair:1   | Killed an oklob plant
 11780 | Lair:2   | You fall into a shaft and drop 2 floors!
 11851 | Lair:3   | Noticed Gastronok
 11857 | Lair:3   | Killed Gastronok
 11858 | Lair:3   | Reached skill level 13 in Axes
 11927 | Lair:3   | Noticed Nessos
 12014 | Lair:3   | Reached XP level 12. HP: 96/96 MP: 7/15
 12783 | Lair:2   | Got the Almanac of Darkness
 13507 | Lair:3   | Reached skill level 5 in Fire Magic
 13533 | Lair:3   | Nessos changed into Nessos the eye of devastation
 13533 | Lair:3   | Noticed Nessos
 13537 | Lair:3   | Killed Nessos the eye of devastation
 13711 | Lair:3   | Found a hole to the Spider Nest.
 13760 | Lair:3   | Reached skill level 5 in Shields
 13984 | Lair:3   | Reached skill level 14 in Axes
 14515 | Lair:4   | Identified a scroll of acquirement
 14518 | Lair:4   | Acquired the amulet "Teantuy" {Spirit rN+ Regen+}
 14562 | Lair:4   | Found a runed translucent door.
 14562 | Lair:4   | Noticed an azure jelly
 14566 | Lair:4   | Found a staircase to the Slime Pits.
 14566 | Lair:4   | Noticed an azure jelly
 14566 | Lair:4   | Noticed an azure jelly
 14783 | Lair:4   | Noticed Rupert
 14798 | Lair:5   | Entered Level 5 of the Lair of Beasts
 14798 | Lair:5   | Found a gate leading to a gauntlet.
 14818 | Lair:5   | Gained mutation: You are strongly in touch with the powers
                  | of death. [Mummy growth]
 14818 | Lair:5   | Reached XP level 13. HP: 88/103 MP: 12/17
 14831 | Gauntlet | Entered a Gauntlet
 14831 | Gauntlet | Found a transporter.
 14831 | Gauntlet | Found a runed translucent door.
 14831 | Gauntlet | Found a transporter.
 14833 | Gauntlet | Found a runed translucent door.
 14834 | Gauntlet | Found a transporter.
 14834 | Gauntlet | Found a transporter.
 14865 | Gauntlet | Found a transporter.
 14866 | Gauntlet | Found a transporter.
 14869 | Gauntlet | Found a transporter.
 14869 | Gauntlet | Found a transporter.
 14874 | Gauntlet | Found a runed translucent door.
 14880 | Gauntlet | Found a runed translucent door.
 14882 | Gauntlet | Found a transporter.
 14898 | Gauntlet | Found a transporter.
 14905 | Gauntlet | Noticed a cacodemon
 14908 | Gauntlet | Found a transporter.
 14922 | Gauntlet | Found a transporter.
 14942 | Gauntlet | Found a transporter.
 14954 | Gauntlet | Found a transporter.
 15051 | Gauntlet | Identified the ring of Autumn {Ice rN++ Str-5 Int+2 Slay+5}
 15238 | Gauntlet | Identified the amulet of Jeuhoas {Spirit +Blink rC+ Slay-5}
 15241 | Gauntlet | Identified the ring of Ryagu {Ice Will- Str+4 Int+3}
 15245 | Gauntlet | Noticed a minotaur
 15265 | Gauntlet | Killed a minotaur
 15266 | Gauntlet | Reached skill level 5 in Armour
 15324 | Gauntlet | Identified the +1 leather armour of Coavaph {rElec rC+}
 15332 | Gauntlet | Got the Quarto of Displacement
 16215 | Lair:5   | Reached skill level 10 in Fighting
 16363 | Lair:5   | Reached skill level 15 in Axes
 17108 | Orc:1    | Entered Level 1 of the Orcish Mines
 17191 | Orc:1    | Found Vouf's Armour Emporium.
 17236 | Orc:1    | Found Plog's Antique Weapon Shoppe.
 17555 | Orc:1    | Found a shimmering blue altar of Sif Muna.
 17608 | Orc:2    | Entered Level 2 of the Orcish Mines
 17684 | Orc:2    | Reached XP level 14. HP: 102/111 MP: 15/18
 17742 | Orc:2    | Found a staircase to the Elven Halls.
 18498 | Orc:2    | Found Xammir's Book Shop.
 18671 | Orc:2    | Found Siwnuvi's Assorted Antiques.
 18695 | Orc:2    | Bought a scroll of identify for 62 gold pieces
 18764 | Orc:2    | Reached skill level 16 in Axes
 18814 | Orc:2    | Found Efainu Doew's Magic Scroll Shop.
 18986 | Orc:2    | Found Osmobomu's Antique Weapon Emporium.
 18987 | Orc:2    | Found Zogy's Antique Weapon Emporium.
 18992 | Orc:2    | Found Duofusuc's Weapon Boutique.
 19007 | Orc:2    | Found Xymnil's Book Shoppe.
 19010 | Orc:2    | Bought a +0 broad axe for 64 gold pieces
 19024 | Orc:2    | Paralysed by an ogre mage for 2 turns
 19162 | Orc:2    | Bought a scroll of enchant armour for 97 gold pieces
 19162 | Orc:2    | Bought a scroll of poison for 52 gold pieces
 19162 | Orc:2    | Bought a scroll of teleportation for 39 gold pieces
 19162 | Orc:2    | Bought a scroll of fear for 52 gold pieces
 19162 | Orc:2    | Bought a scroll of enchant weapon for 97 gold pieces
 19162 | Orc:2    | Bought a scroll of teleportation for 39 gold pieces
 19198 | Orc:1    | Found Wykhliosu's Weapon Shoppe.
 19673 | D:12     | Noticed Fannar
 19685 | D:12     | Killed Fannar
 19693 | D:12     | Found a broken altar of Ashenzari.
 20110 | D:13     | Noticed Jorgrun
 20120 | D:13     | Killed Jorgrun
 20513 | D:13     | Found a gate to the Vaults.
 20635 | D:13     | Reached XP level 15. HP: 118/120 MP: 17/19
 21448 | D:14     | Found Aluudwao's One-of-a-Kind Rings.
 21658 | Orc:1    | Bought a +2 plate armour of willpower for 600 gold pieces
 21838 | D:14     | Bought a +7 ring of evasion for 726 gold pieces
 22258 | D:15     | Entered Level 15 of the Dungeon
 22351 | D:15     | Reached skill level 17 in Axes
 22477 | D:15     | Found a staircase to the Depths.
 23202 | D:14     | Bought the ring "Ihu Legi" {Fly Int+3} for 338 gold pieces
 23495 | Lair:3   | Found a staircase to the Shoals.
 23531 | Spider:1 | Entered Level 1 of the Spider Nest
 23927 | Spider:2 | Mangled by a pharaoh ant

Illustrated notes

Levels and vault maps discovered:
D:1:      lemuel_arrival_hallway, layout_basic, serial_co_window_serial,
          co_window_cross_1, co_window_of_opportunity_a, co_window_paths_a,
          co_window_corner_a, co_window_corner_a, co_window_corner_a,
          co_window_of_opportunity_a, co_window_paths_b, co_window_paths_b,
          co_window_2corner, co_window_corner_cb, co_window_corner_ca,
          co_window_2corner, co_window_2corner, glass_columns_a,
          glass_columns_b, glass_columns_a, glass_columns_a
D:2:      layout_loops_cross
D:3:      layout_loops_ring, tgw_kikubaaqudgha, serial_glass, glass_columns_a,
          glass_columns_c, hellmonk_ecumenical_altar_crossroads, serial_shops,
          nicolae_shop_trees
D:4:      layout_basic, vehumet_altar_wand_db, dreamdust_wishing_well
D:5:      kennysheep_windowed_halls, layout_gridville,
          worldfamousw_hep_ancestral_shrine, general_overflow_altar
D:6:      layout_gridville, minmay_misc_feat_nine_boxes, st_stairs_4
D:7:      layout_basic, mainiacjoe_overflow_six_doors_small,
          minmay_temple_entry_gardened_gates, uniq_maggie, uniq_duvessa
D:8:      layout_loops_ring, kennysheep_little_box, zin_treasury,
          minmay_ruined_shrine
D:9:      layout_rooms, kennysheep_orc_monster_closet_entryway
D:10:     layout_stronghold, mainiacjoe_overflow_boulevard,
          nicolae_overflow_crystal_walls, lemuel_round_altar,
          gammafunk_temple_overflow_wave, nicolae_tso_swordbearing_angel
D:11:     layout_basic, david_lair_generic, statue_in_the_mist_lemuel
D:12:     layout_basic, cheibrodos_ashenzari_chains, uniq_fannar
D:13:     layout_gridville, david_vaults_1, uniq_jorgrun
D:14:     layout_loops_cross, minmay_crystal_room, nicolae_shop_unique_rings,
          st_stairs_11
D:15:     gammafunk_depths_entry_grave, layout_basic
Lair:1:   layout_cave_pods, maelrawn_ghost_gauntlet_escape, st_stairs_9,
          infiniplex_staircase_pool_2, lemuel_fruit_tree
Lair:2:   layout_small_grid, ice2_lemuel
Lair:3:   lemuel_slime, layout_concentric_octagons, elwin_shoals_entry_rocks,
          spider_nest_entry_a, grunt_megastairs_5, uniq_nessos, uniq_gastronok
Lair:4:   layout_small_grid, slime_entry_2, uniq_rupert
Lair:5:   grunt_lair_end_beastmaster, layout_cave_pods, gauntlet_entry_generic
Spider:1: lemuel_spider_zombies, nicolae_spider_nook
Spider:2: layout_chambers, nicolae_spider_shape
Orc:1:    layout_caves, serial_shops, shop_fountains, shop,
          nicolae_shop_pleasant_corner_grove, kennysheep_orc_sif_temple
Orc:2:    st_orc_open, layout_caves, serial_shops, shop, shop_fountains, shop

Skill      XL: |  1  2  3  4  5  6  7  8  9 10 11 12 13 14 15 |
---------------+----------------------------------------------+-----
Axes           | 3 4 5 6 9 10 12 13 14 15 16 17 | 17.3
Spellcasting   | 2 3 |  3.3
Fire Magic     | 3 4 5 |  5.5
Fighting       | 4 6 8 9 10 11 12 | 12.9
Shields        | 1 3 5 6 7 |  7.4
Armour         | 2 4 6 8 9 |  9.1
Dodging        | 2 3 |  3.3

Action                     |  1- 3 |  4- 6 |  7- 9 | 10-12 | 13-15 || total
---------------------------+-------+-------+-------+-------+-------++-------
  Melee: Hand axe          |    80 |    49 |       |       |    10 ||   139
         Punch             |     1 |     1 |     1 |     2 |       ||     5
         Whip              |       |    58 |   111 |       |       ||   169
         War axe           |       |       |   123 |   655 |   640 ||  1418
         Broad axe         |       |       |       |       |   640 ||   640
  Throw: Stone             |     1 |     2 |       |       |       ||     3
         Dart              |       |       |     7 |    31 |    42 ||    80
         Throwing net      |       |       |       |     2 |     2 ||     4
   Cast: Scorch            |    17 |    58 |   105 |   243 |    98 ||   521
 Invoke: Fiery Armour      |       |     1 |     3 |     4 |     1 ||     9
         Foxfire Swarm     |       |     1 |     1 |       |       ||     2
         Rising Flame      |       |       |       |       |     1 ||     1
  Evoke: Wand              |       |       |    15 |    26 |    25 ||    66
         Box of beasts     |       |       |       |       |     2 ||     2
         Lightning rod     |       |       |       |       |     5 ||     5
    Use: Scroll            |       |       |    12 |    17 |    27 ||    56
   Stab: Distracted        |       |     1 |       |     1 |     2 ||     4
         Invisible         |       |       |       |     4 |       ||     4
         Petrified         |       |       |       |       |    21 ||    21
         Petrifying        |       |       |       |       |     1 ||     1
 Armour: Robe              |    15 |    12 |       |       |       ||    27
         Ring mail         |       |    23 |    84 |       |       ||   107
         Swamp dragon scal |       |       |    35 |   183 |       ||   218
         Scale mail        |       |       |       |   103 |   368 ||   471
         Plate armour      |       |       |       |       |   115 ||   115
  Dodge: Dodged            |    43 |    51 |   145 |   336 |   573 ||  1148
  Block: Other             |       |       |    60 |     1 |       ||    61
         Reflection        |       |       |     1 |     1 |       ||     2
         Buckler           |       |       |       |    87 |   297 ||   384

Table legend: (Time is in decaauts)
 A = Elapsed time spent in this place.
 B = Non-inter-level travel time spent in this place.
 C = Inter-level travel time spent in this place.
 D = Time resting spent in this place.
 E = Time spent auto-exploring this place.
 F = Levels seen in this place.
 G = Mean time per level.
                   A        B        C        D        E       F      G
               +--------+--------+--------+--------+--------+-----+--------+
         Total |  23624 |  21724 |   1900 |   3889 |   4800 |  25 |  945.0 |
       Dungeon |  14785 |  13513 |   1272 |   2364 |   3137 |  15 |  985.7 |
          Lair |   5812 |   5436 |    376 |    835 |   1663 |   5 | 1162.4 |
   Spider Nest |    356 |    338 |     18 |     12 |      0 |   2 |  178.0 |
  Orcish Mines |   2144 |   1911 |    233 |    454 |      0 |   2 | 1072.0 |
      Gauntlet |    525 |    525 |      0 |    223 |      0 |   1 |  525.0 |
               +--------+--------+--------+--------+--------+-----+--------+

Top non-repeatable levels by time:
  Lair:5: 1545 daAuts
     D:9: 1415 daAuts
  Lair:2: 1394 daAuts
    D:14: 1389 daAuts
     D:7: 1338 daAuts
     D:6: 1296 daAuts
   Orc:1: 1287 daAuts
     D:5: 1253 daAuts
  Lair:3: 1112 daAuts
  Lair:1: 1017 daAuts
     D:8: 999 daAuts
     D:1: 972 daAuts
    D:10: 960 daAuts
   Orc:2: 857 daAuts
    D:15: 802 daAuts
